 Dungeon Crawl Stone Soup version 0.20-a0-441-g89e74e4 (webtiles) character file.

14 M4edhros the Sneak (level 2, 0/18 HPs)
             Began as an Octopode Artificer on Jan 6, 2017.
             Succumbed to an adder's poison
             ... on level 3 of the Dungeon.
             The game lasted 00:00:32 (535 turns).

M4edhros the Sneak (Octopode Artificer)              Turns: 535, Time: 00:00:32

Health: 0/18       AC:  1    Str:  9    XL:     2   Next: 45%
Magic:  4/4        EV: 19    Int: 11    God:
Gold:   31         SH:  0    Dex: 17    Spells: 1/1 levels left

rFire  . . .     SeeInvis .     a - +0 short sword
rCold  . . .     Gourm    .     (no shield)
rNeg   . . .     Faith    .     (helmet restricted)
rPois  .         Spirit   .     (no amulet)
rElec  .         Reflect  .     (no ring)
rCorr  .         Harm     .     (no ring)
MR     .....                    (no ring)
Stlth  +++++.....               (no ring)
                                (no ring)
                                (no ring)
                                (no ring)
                                (no ring)

@: agile, lethally poisoned (0 -> -10), very slightly contaminated, hasted, very
quick
A: almost no armour, stealthy swim, amphibious, 8 rings, constrict 8, camouflage
1, dopey 1, weak 1, wild magic 1, gelatinous body 1
a: no special abilities


You were on level 3 of the Dungeon.
You were not hungry.

You visited 1 branch of the dungeon, and saw 3 of its levels.

You collected 31 gold pieces.

Inventory:

Hand Weapons
 a - a +0 short sword (weapon)
Wands
 b - a wand of flame (14/48)
 c - a wand of enslavement (15/24)
 d - a wand of random effects (15/48)
Potions
 g - a potion of agility
Comestibles
 f - a bread ration


   Skills:
 - Level 1.0 Fighting
 - Level 1.0 Short Blades
 - Level 2.0 Dodging
 + Level 3.5 Stealth
 - Level 3.2 Evocations


You had one spell level left.
You didn't know any spells.

Dungeon Overview and Level Annotations

Branches:
Dungeon (3/15)

Altars:

Annotations:
D:1 1 runed door


Innate Abilities, Weirdness & Mutations

You cannot wear most types of armour.
You are very stealthy in the water. (Stealth+)
You are amphibious.
You can wear up to eight rings at the same time.
You can use your tentacles to constrict eight enemies at once.
Your skin changes colour to match your surroundings (Stealth+).
Your rubbery body absorbs attacks. (AC +1, EV +1)
You are dopey. (Int -2)
You are weak. (Str -2)
Your spells are a little harder to cast, but a little more powerful.


Message History

It was a potion of haste.
You feel yourself speed up.
* * * LOW HITPOINT WARNING * * *
You feel sick. The adder barely misses you.
You are very lightly contaminated with residual magic.
It was a potion of mutation.
You feel extremely strange.
You feel weaker.
You feel stupid.
You feel less in control of your magic.
* * * LOW HITPOINT WARNING * * *
You feel sick. The adder closely misses you.
You miss the adder. You grab the adder.
The adder is moderately wounded.
You constrict the adder, but do no damage.
You hit the adder but do no damage. Your squeeze misses the adder.
The adder is moderately wounded.
You constrict the adder, but do no damage.
The adder bites you.
* * * LOW HITPOINT WARNING * * *
You hit the adder but do no damage.
The adder is moderately wounded.
You constrict the adder.
You die...

.........##.#
###.#####.......
#........>.###<#
#.#.####...##..# ...
#...##.## #.# #.†.##.#
# #.# #...##.#
..#..####.######...##.#
......S@$.....##...##.#
##.....##.###.##...##.#
#....................#
#..#..###########.####
#..... .# # .#.# .#
#.#. .# # #.


You could see an adder.

Vanquished Creatures
  A worm (D:2)
  2 bats (D:1)
  A giant cockroach (D:3)
  3 hobgoblins
  A frilled lizard (D:3)
  2 kobolds (D:2)
  A rat (D:1)
11 creatures vanquished.

Notes
Turn   | Place    | Note
-------+----------+-------------------------------------------
     0 | D:1      | M4edhros the Octopode Artificer began the quest for the Orb.
     0 | D:1      | Reached XP level 1. HP: 13/13 MP: 3/3
     1 | D:1      | Found a runed door.
   168 | D:2      | Reached XP level 2. HP: 6/18 MP: 4/4
   532 | D:3      | Gained mutation: You are weak. (Str -2) [potion of mutation]
   532 | D:3      | Gained mutation: You are dopey. (Int -2) [potion of mutation]
   532 | D:3      | Gained mutation: Your spells are a little harder to cast, but a little more powerful. [potion of mutation]
   535 | D:3      | Succumbed to an adder's poison

Vault maps used:
D:1:      dpeg_arrival_caged_fury
D:3:      minmay_misc_feat_chi, uniq_sigmund

Skill      XL: |  1 |
---------------+----+-----
Stealth        | 3 |  3.5
Fighting       | |  1.0
Short Blades   | |  1.0
Dodging        | |  2.0
Evocations     | |  3.2

Action                   || total
-------------------------++-------
Melee: Short sword       ||    30
       Constrict         ||     7
       Tentacles         ||     5
Evoke: Wand              ||     1
  Use: Potion            ||     3
 Stab: Sleeping          ||     4
Armor: Skin              ||     1
Dodge: Dodged            ||    21
